 Dungeon Crawl Stone Soup version 0.24.1 (webtiles) character file.

Game seed: 18073141118959284629, levelgen mode: deterministic

6846 Descartes the Thaumaturge (level 10, 0/45 HPs)
             Began as a Deep Elf Air Elementalist on Apr 4, 2020.
             Was an Elder of Dithmenos.
             Slain by a warg (2 damage)
             ... on level 10 of the Dungeon.
             The game lasted 00:41:33 (12137 turns).

Descartes the Thaumaturge (DEAE)                   Turns: 12137, Time: 00:41:33

Health: 0/45       AC: 10    Str:  5    XL:     10   Next: 78%
Magic:  33/33      EV: 14    Int: 24    God:    Dithmenos [****..]
Gold:   1487       SH:  0    Dex: 15    Spells: 7/26 levels left

rFire    + . .     SeeInvis .   H - +12 Vampire's Tooth {vamp}
rCold    . . .     Gourm    .   (no shield)
rNeg     . . .     Faith    .   q - +3 leather armour {rF+}
rPois    .         Spirit   .   u - +1 helmet
rElec    +         Reflect  .   (no cloak)
rCorr    .         Harm     .   (no gloves)
MR       ++...                  (no boots)
Stlth    +++++.....             (no amulet)
HPRegen  0.15/turn              h - ring of magical power
MPRegen  0.23/turn              P - ring of protection from magic

@: wreathed by umbra
A: icy blue scales 1, frail 1, electricity resistance
a: Shadow Step, Renounce Religion


You were on level 10 of the Dungeon.
You worshipped Dithmenos.
Dithmenos was greatly pleased with you.
You were not hungry.

You visited 2 branches of the dungeon, and saw 11 of its levels.
You also visited: Ossuary and Bailey.

You collected 1487 gold pieces.

Inventory:

Hand Weapons
 v - a +0 hunting sling
 H - the +12 Vampire's Tooth (weapon) {vamp}
   (You found it on level 4 of the Dungeon)

   It inflicts no extra harm, but heals its wielder when it wounds a living foe.
 M - a +6 trident
 X - the +7 dagger of Taxation {pierce, Int+3}
   (You found it on level 8 of the Dungeon)

   It inflicts extra damage upon your enemies.
   It affects your intelligence (+3).
Missiles
 b - 255 stones (quivered)
 f - 119 arrows
 l - 5 poisoned darts
 s - 94 sling bullets
 t - 6 curare-tipped darts
 O - 4 silver boomerangs
 S - 3 boomerangs
Armour
 q - a +3 leather armour of fire resistance (worn)
 u - a +1 helmet (worn)
 R - a +0 shield
Jewellery
 d - an uncursed ring of poison resistance
 h - a ring of magical power (left hand)
 I - an uncursed ring of positive energy
 J - an uncursed ring of protection from magic
 P - a ring of protection from magic (right hand)
 Y - a +1 ring of evasion {unknown}
Wands
 p - a wand of flame (7)
 F - a wand of polymorph (8)
 K - a wand of acid (5)
 N - a wand of enslavement (6)
 T - a wand of digging (8)
 U - a wand of disintegration (9)
Scrolls
 a - 2 scrolls of enchant armour
 i - a scroll of brand weapon {unknown}
 j - 8 scrolls of remove curse
 k - 3 scrolls of teleportation
 o - 3 scrolls of fear {unknown}
 w - a scroll of enchant weapon
 B - 4 scrolls of amnesia
 E - a scroll of fog
 L - 2 scrolls of torment {unknown}
 V - a scroll of magic mapping
 W - a scroll of blinking {unknown}
Potions
 g - a potion of haste
 m - 4 potions of heal wounds
 n - 2 potions of lignification
 x - a potion of magic
 z - 9 potions of curing
 A - 2 potions of might
 C - 3 potions of resistance
 D - 2 potions of brilliance
 G - a potion of invisibility
 Q - a potion of flight {unknown}
Miscellaneous
 e - a lightning rod (4/4)
 y - a lightning rod (4/4)
Comestibles
 c - 12 rations
 r - a chunk of flesh


   Skills:
 + Level 4.1 Short Blades
 - Level 4.0 Armour
 - Level 6.0 Dodging
 + Level 6.9 Stealth
 + Level 2.7 Shields
 + Level 8.6 Spellcasting
 * Level 8.6 Conjurations
 * Level 8.4 Air Magic
 + Level 3.5 Invocations


You had 7 spell levels left.
You knew the following spells:

 Your Spells              Type           Power        Failure   Level  Hunger
a - Shock                 Conj/Air       ####         1%          1    None
b - Airstrike             Air            ######....   3%          4    ##.....
c - Static Discharge      Conj/Air       ######..     1%          3    None
d - Lightning Bolt        Conj/Air       ######....   9%          5    ####...
e - Summon Lightning Spi  Summ/Air       ####....     17%         4    ##.....
f - Swiftness             Chrm/Air       ####....     2%          2    None

Your spell library contained the following spells:

 Spells                   Type           Power        Failure   Level  Hunger
 Summon Small Mammal      Summ           ##..         10%         1    None
 Call Imp                 Summ           ##......     14%         2    None
 Call Canine Familiar     Summ           ##......     28%         3    None
 Summon Guardian Golem    Hex/Summ       ##......     28%         3    None
 Summon Ice Beast         Ice/Summ       ##......     67%         4    ##.....


Dungeon Overview and Level Annotations

Branches:
Dungeon (10/15)            Temple (1/1) D:5            Lair (0/6) D:10
Ossuary (visited)          Bailey (visited)
    Orc: D:9-12

Altars:
Ashenzari
Cheibriados
Dithmenos
Elyvilon
Fedhas
Gozag
Hepliaklqana
Kikubaaqudgha
Makhleb
Nemelex Xobeh
Okawaru
Qazlal
Ru
Sif Muna
Trog
Uskayaw
Vehumet
Wu Jian
Xom
Yredelemnul
Zin
The Shining One


Innate Abilities, Weirdness & Mutations

You are partially covered in icy blue scales. (AC +2)
You are frail. (-10% HP)
You are resistant to electric shocks. (rElec)


Message History

Beogh smites you!
The orc warrior shouts!
An orc and an orc priest come into view.
You hear a howl!
The orc priest mumbles some strange prayers to Beogh against you.
You resist with almost no effort.
A warg comes into view.
The orc priest invokes the aid of Beogh against you.
Beogh smites you!
The orc moves out of view.
Found a staircase to the Lair.
There is a stone staircase leading up here.
The warg closely misses you. The warg bites you!
* * * LOW HITPOINT WARNING * * *
There is an escape hatch in the ceiling, spattered with blood here.
Magic restored.
The orc misses you.
The orc priest invokes the aid of Beogh against you.
Beogh smites you!
* * * LOW HITPOINT WARNING * * *
The warg bites you.
You die...

#.........# #.........#
#.........#
######.........# .
#......#######.# ...
#......# #.#
....#......# #.#
.....oh<...# #.#
..!o.oo@...# #.#
>..........#######.#
...h...............#
.o......##########.#####
o...#...# #......
....#...# #..<... ...
#...+ #...... .. #...#
#...... #......


You could see 2 wargs, an orc warrior, 4 orc priests and an orc.

Vanquished Creatures
  Joseph (D:7)
  The ghost of jaiteiro the Chopper, an amateur MiSk (D:4)
  Grinder (D:3)
  2 hippogriffs
  A spriggan (D:7)
  10 yaks (D:9)
  10 orc warriors
  2 phantoms
  A necrophage (D:10)
  2 sky beasts (D:7)
  An ogre (D:5)
  2 centaurs
  3 big kobolds (D:4)
  2 gnoll sergeants (D:7)
  5 bullfrogs
  A wyvern zombie (D:7)
  2 scorpions
  2 wights (D:7)
  A howler monkey (D:5)
  A crimson imp (D:6)
  4 jellies
  A gnoll shaman (D:8)
  A quasit (D:7)
  7 orc priests
  3 hounds
  14 orc wizards
  2 bullfrog skeletons
  A centaur skeleton (D:5)
  Ijyb (D:2)
  5 worker ants
  13 mummies (Ossuary)
  A hound skeleton (D:6)
  A worker ant zombie (D:9)
  Robin (D:3)
  11 gnolls
  A howler monkey skeleton (D:5)
  9 adders
  An adder zombie (D:5)
  3 adder skeletons
  3 worms
  3 dart slugs
  6 leopard geckos
  42 orcs
  2 ball pythons (D:5)
  6 giant cockroaches
  16 goblins
  15 hobgoblins
  3 jackals (D:6)
  25 kobolds
  2 quokkas
  6 bats
  5 frilled lizards
  A giant cockroach zombie (D:6)
  A gnoll skeleton (Ossuary)
  3 goblin skeletons (Ossuary)
  A kobold skeleton (Ossuary)
  2 orc skeletons (Ossuary)
  18 rats
  11 rat skeletons (Ossuary)
302 creatures vanquished.

Vanquished Creatures (collateral kills)
  An orc (Bailey)
  5 goblins (Bailey)
  3 hobgoblins (Bailey)
  4 kobolds (Bailey)
13 creatures vanquished.

Vanquished Creatures (others)
  An orc wizard (D:3)
  A gnoll skeleton (Ossuary)
  3 fungi (D:4)
  A plant (D:4)
6 creatures vanquished.

Grand Total: 321 creatures vanquished

Notes
Turn   | Place    | Note
-------+----------+-------------------------------------------
     0 | D:1      | Descartes the Deep Elf Air Elementalist began the quest for
                  | the Orb.
     0 | D:1      | Reached XP level 1. HP: 10/10 MP: 6/6
   147 | D:1      | Reached XP level 2. HP: 15/15 MP: 2/8
  1056 | D:1      | Reached XP level 3. HP: 19/19 MP: 5/9
  2116 | D:2      | Found a snail-covered altar of Cheibriados.
  2467 | D:2      | Reached XP level 4. HP: 24/24 MP: 6/11
  2578 | D:3      | Noticed Ijyb
  2589 | D:2      | Killed Ijyb
  2829 | D:3      | Reached XP level 5. HP: 28/28 MP: 3/12
  2938 | D:3      | Learned a level 4 spell: Airstrike
  2942 | D:3      | Learned a level 3 spell: Static Discharge
  3538 | D:3      | Noticed Robin
  3549 | D:3      | Reached XP level 6. HP: 32/32 MP: 5/14
  3566 | D:3      | Killed Robin
  3752 | D:3      | Noticed Grinder
  3770 | D:3      | Killed Grinder
  3770 | D:3      | Reached skill level 1 in Armour
  3770 | D:3      | Reached skill level 5 in Spellcasting
  4038 | D:4      | Found a sand-covered staircase.
  4049 | Ossuary  | Entered an ossuary
  4172 | Ossuary  | Reached XP level 7. HP: 36/36 MP: 14/17
  4299 | Ossuary  | Reached skill level 5 in Air Magic
  5161 | Ossuary  | Gained mutation: You are frail. (-10% HP) [potion of
                  | mutation]
  5161 | Ossuary  | Gained mutation: You are resistant to electric shocks.
                  | (rElec) [potion of mutation]
  5161 | Ossuary  | Gained mutation: You are partially covered in icy blue
                  | scales. (AC +2) [potion of mutation]
  5361 | D:4      | Found the +12 Vampire's Tooth {vamp}
  5615 | D:4      | Found an ancient bone altar of Kikubaaqudgha.
  5802 | D:4      | Found a runed translucent gate.
  5802 | D:4      | Found a runed translucent gate.
  5803 | D:4      | Found a runed translucent gate.
  5803 | D:4      | Noticed jaiteiro's ghost (amateur MiSk)
  5980 | D:5      | Entered Level 5 of the Dungeon
  6091 | D:5      | Reached skill level 5 in Conjurations
  6186 | D:5      | Found a staircase to the Ecumenical Temple.
  6206 | Temple   | Entered the Ecumenical Temple
  6290 | Temple   | Became a worshipper of Dithmenos the Shadowed
  6342 | D:5      | Reached XP level 8. HP: 36/36 MP: 15/19
  6873 | D:6      | Reached skill level 1 in Short Blades
  7609 | D:6      | Found a sparkling altar of Nemelex Xobeh.
  7994 | D:7      | Reached * piety under Dithmenos
  8105 | D:7      | Reached XP level 9. HP: 40/40 MP: 18/21
  8418 | D:7      | Reached skill level 5 in Stealth
  8476 | D:7      | Reached skill level 1 in Invocations
  8619 | D:7      | Noticed Joseph
  8645 | D:7      | Killed Joseph
  8645 | D:7      | Reached skill level 5 in Dodging
  8645 | D:7      | Reached skill level 1 in Shields
  9490 | D:4      | Killed jaiteiro's ghost
  9668 | D:7      | Learned a level 5 spell: Lightning Bolt
  9715 | D:8      | Reached ** piety under Dithmenos
  9839 | D:8      | Found a flagged portal.
  9848 | Bailey   | Entered a bailey
  9855 | Bailey   | Learned a level 4 spell: Summon Lightning Spire
  9858 | Bailey   | Learned a level 2 spell: Swiftness
  9882 | Bailey   | Reached XP level 10. HP: 45/45 MP: 8/23
 10550 | D:8      | Reached *** piety under Dithmenos
 10675 | D:8      | Got a shimmering dagger
 10676 | D:8      | Identified the +7 dagger of Taxation {pierce, Int+3} (You
                  | found it on level 8 of the Dungeon)
 11704 | D:9      | Noticed a moth of wrath
 11707 | D:9      | Found a bloodstained altar of Trog.
 11747 | D:9      | Got an iridescent mace
 11748 | D:9      | Identified the +4 mace of Hiar {crush, rPois Str+2 Dex-4}
                  | (You found it on level 9 of the Dungeon)
 12106 | D:10     | Entered Level 10 of the Dungeon
 12118 | D:10     | Reached **** piety under Dithmenos
 12134 | D:10     | Found a staircase to the Lair.
 12137 | D:10     | HP: 2/45 [orc priest/divine providence (9)]
 12137 | D:10     | Slain by a warg

Levels and vault maps discovered:
D:1:      minmay_arrival_four_houses, layout_basic
D:2:      layout_basic, cheibriados_altar_1
D:3:      layout_basic, grunt_decor_arrowhead, uniq_ijyb, uniq_grinder,
          uniq_robin
D:4:      layout_basic, kennysheep_mini_moat, gammafunk_ghost_nasty_kobolds,
          nicolae_ossuary_entry_ruins, first_ration
D:5:      layout_rooms, minmay_temple_entry_junction
D:6:      layout_cave_pods, nemelex_xobeh_ov_fountains_minmay
D:7:      layout_basic, the_bakery, sword_in_stone, uniq_joseph
D:8:      layout_gridville, enter_bailey_2
D:9:      lemuel_flame_loot_2, layout_loops_cross, tgw_trog
D:10:     layout_irregular_city, erik_lair_orcish_takeover, david_orc_4,
          basic_altar
Temple:   compressed_dpeg_circular_temple

Skill      XL: |  1  2  3  4  5  6  7  8  9 10 |
---------------+-------------------------------+-----
Conjurations   | 2 3 4 5 6 7 8 |  8.6
Stealth        | 3 4 6 |  6.9
Dodging        | 3 4 5 6 |  6.0
Air Magic      | 4 5 6 7 8 |  8.4
Spellcasting   | 4 5 6 7 8 |  8.6
Armour         | 1 2 3 4 |  4.0
Short Blades   | 1 3 4 |  4.1
Invocations    | 2 3 |  3.5
Shields        | 1 2 |  2.7

Action                   |  1- 3 |  4- 6 |  7- 9 | 10-12 || total
-------------------------+-------+-------+-------+-------++-------
Melee: Quick blade       |       |       |   217 |    92 ||   309
 Fire: Hunting sling     |       |       |       |    21 ||    21
 Cast: Shock             |    92 |   120 |   225 |   129 ||   566
       Airstrike         |       |       |     6 |       ||     6
       Static Discharge  |       |       |     2 |       ||     2
       Summon Lightning  |       |       |     1 |     2 ||     3
  Use: Scroll            |       |       |    18 |     2 ||    20
       Potion            |       |       |     1 |       ||     1
 Stab: Sleeping          |       |       |     2 |     4 ||     6
  Eat: Chunk             |     4 |     5 |    12 |     7 ||    28
       Ration            |       |       |     2 |       ||     2
Armor: Robe              |     2 |       |       |       ||     2
       Leather armour    |       |     7 |    36 |    26 ||    69
Dodge: Dodged            |    14 |    14 |   105 |    71 ||   204
       Rpst.: Long sword |       |     1 |     1 |       ||     2
